| TOP OF THE 1ST |
|
Montreal Expos batting - Pitching for Oakland Athletics : LHP Bobby M Jones
|
|
Pitching: LHP Bobby M Jones
|
|
|
Batting: SHB Ricky Otero
|
0-0: Called Strike 0-1: Ball 1-1: Ball 2-1: Ball 3-1: Base on Balls
|
|
Batting: SHB Gregg Jefferies
|
0-0: Called Strike 0-1: Ball 1-1: Foul Ball, location: 2F 1-2: SINGLE (Line Drive, 34D, EV 95.0 MPH) Ricky Otero to second Runner from 2nd tries for 3rd, SAFE, no throw by RF
|
|
Batting: RHB Matt Williams
|
0-0: Ball 1-0: Ball 2-0: Ball 3-0: Called Strike 3-1: Foul Ball, location: 2F 3-2: Strikes out looking Gregg Jefferies is caught stealing 2nd base 2-4 Batter strikes out.
|
|
Batting: RHB Raul Mondesi
|
0-0: Called Strike 0-1: Fly out, F9 (Flyball, 9LM, EV 89.4 MPH)
|
| Top of the 1st over - 0 runs, 1 hit, 0 errors, 1 left on base; Montreal 0 - Oakland 0 |
| BOTTOM OF THE 1ST |
|
Oakland Athletics batting - Pitching for Montreal Expos : RHP Pedro Martinez
|
|
Pitching: RHP Pedro Martinez
|
|
|
Batting: RHB Rickey Henderson
|
0-0: Called Strike 0-1: Ground out 1-6-3 (Groundball, 15S, EV 98.1 MPH)
|
|
Batting: SHB Geronimo Pena
|
0-0: Ball 1-0: Foul Ball, location: 2F 1-1: Swinging Strike 1-2: Strikes out swinging
|
|
Batting: LHB John Olerud
|
0-0: Swinging Strike 0-1: Ball 1-1: Bunted foul 1-2: Ball 2-2: Ground out 4-3 (Groundball, 4, EV 85.0 MPH)
|
| Bottom of the 1st over - 0 runs, 0 hits, 0 errors, 0 left on base; Montreal 0 - Oakland 0 |
| TOP OF THE 2ND |
|
Montreal Expos batting - Pitching for Oakland Athletics : LHP Bobby M Jones
|
|
Batting: RHB Jeff Kent
|
0-0: Ball 1-0: Foul Ball, location: 2F 1-1: Fly out, F3 (Popup, 3F, EV 70.6 MPH)
|
|
Batting: RHB Mike Sweeney
|
0-0: Ground out 6-3 (Groundball, 6, EV 101.9 MPH)
|
|
Batting: RHB John Jaha
|
0-0: Ball 1-0: Called Strike 1-1: Foul Ball, location: 2F 1-2: Foul Ball, location: 2F 1-2: Foul Ball, location: 2F 1-2: Ground out 6-3 (Groundball, 6, EV 79.4 MPH)
|
| Top of the 2nd over - 0 runs, 0 hits, 0 errors, 0 left on base; Montreal 0 - Oakland 0 |
| BOTTOM OF THE 2ND |
|
Oakland Athletics batting - Pitching for Montreal Expos : RHP Pedro Martinez
|
|
Batting: RHB Herbert Perry
|
0-0: Called Strike 0-1: Ball 1-1: SINGLE (Groundball, 6MD, EV 97.5 MPH)
|
|
Batting: RHB Jay Buhner
|
0-0: Called Strike 0-1: Called Strike 0-2: Fielders Choice at 2nd, 6-4 (Groundball, 6M, EV 98.1 MPH)
|
|
Batting: SHB Devon White
|
0-0: Foul Ball, location: 2F 0-1: Called Strike 0-2: Ball 1-2: Ball 2-2: Ball 3-2: Fielders Choice at 2nd, 2-4 (Groundball, 2L, EV 73.8 MPH)
|
|
Batting: SHB Chuck Carr
|
0-0: Ball 1-0: Ball 2-0: Foul Ball, location: 2F 2-1: DOUBLE (Line Drive, 7LS, EV 99.4 MPH) Devon White to third Runner from 3rd tries for Home, SAFE, no throw by LF
|
|
Batting: RHB Kirt Manwaring
|
0-0: Called Strike 0-1: Called Strike 0-2: Foul Ball, location: 2F 0-2: Fly out, F8 (Line Drive, 8RM, EV 103.8 MPH)
|
| Bottom of the 2nd over - 1 run, 2 hits, 0 errors, 1 left on base; Montreal 0 - Oakland 1 |
| TOP OF THE 3RD |
|
Montreal Expos batting - Pitching for Oakland Athletics : LHP Bobby M Jones
|
|
Batting: RHB Leo Gomez
|
0-0: Ball 1-0: Foul Ball, location: 2F 1-1: Foul Ball, location: 2F 1-2: Strikes out looking
|
|
Batting: RHB Jose Hernandez
|
0-0: Called Strike 0-1: Ball 1-1: Ball 2-1: Ball 3-1: Fly out, F7 (Flyball, 7S, EV 92.5 MPH)
|
|
Batting: SHB Ricky Otero
|
0-0: Ball 1-0: Called Strike 1-1: Called Strike 1-2: Ground out 4-3 (Groundball, 34, EV 78.1 MPH)
|
| Top of the 3rd over - 0 runs, 0 hits, 0 errors, 0 left on base; Montreal 0 - Oakland 1 |
| BOTTOM OF THE 3RD |
|
Oakland Athletics batting - Pitching for Montreal Expos : RHP Pedro Martinez
|
|
Batting: RHB Benji Gil
|
0-0: Ball 1-0: Called Strike 1-1: Ball 2-1: Foul Ball, location: 2F 2-2: Foul Ball, location: 2F 2-2: Ball 3-2: Strikes out looking
|
|
Batting: RHB Rickey Henderson
|
0-0: Ball 1-0: Foul Ball, location: 2F 1-1: Foul Ball, location: 2F 1-2: Foul Ball, location: 2F 1-2: Foul Ball, location: 2F 1-2: Foul Ball, location: 2F 1-2: Fly out, F5 (Popup, 5, EV 59.4 MPH)
|
|
Batting: SHB Geronimo Pena
|
0-0: Ball 1-0: Called Strike 1-1: Ball 2-1: Called Strike 2-2: Ground out 4-3 (Groundball, 4S, EV 64.4 MPH)
|
| Bottom of the 3rd over - 0 runs, 0 hits, 0 errors, 0 left on base; Montreal 0 - Oakland 1 |
| TOP OF THE 4TH |
|
Montreal Expos batting - Pitching for Oakland Athletics : LHP Bobby M Jones
|
|
Batting: SHB Gregg Jefferies
|
0-0: Fly out, F4 (Popup, 4M, EV 73.8 MPH)
|
|
Batting: RHB Matt Williams
|
0-0: Ball 1-0: Called Strike 1-1: Called Strike 1-2: Strikes out swinging
|
|
Batting: RHB Raul Mondesi
|
0-0: Ground out 4-3 (Groundball, 4, EV 80.6 MPH)
|
| Top of the 4th over - 0 runs, 0 hits, 0 errors, 0 left on base; Montreal 0 - Oakland 1 |
| BOTTOM OF THE 4TH |
|
Oakland Athletics batting - Pitching for Montreal Expos : RHP Pedro Martinez
|
|
Batting: LHB John Olerud
|
0-0: Called Strike 0-1: Ball 1-1: Foul Ball, location: 2F 1-2: Foul Ball, location: 2F 1-2: Ball 2-2: Foul Ball, location: 2F 2-2: Strikes out looking
|
|
Batting: RHB Herbert Perry
|
0-0: Called Strike 0-1: Foul Ball, location: 2F 0-2: Ball 1-2: Foul Ball, location: 2F 1-2: Strikes out swinging
|
|
Batting: RHB Jay Buhner
|
0-0: Called Strike 0-1: Ball 1-1: Called Strike 1-2: Strikes out looking
|
| Bottom of the 4th over - 0 runs, 0 hits, 0 errors, 0 left on base; Montreal 0 - Oakland 1 |
| TOP OF THE 5TH |
|
Montreal Expos batting - Pitching for Oakland Athletics : LHP Bobby M Jones
|
|
Batting: RHB Jeff Kent
|
0-0: Fly out, F9 (Flyball, 9LDF, EV 104.4 MPH)
|
|
Batting: RHB Mike Sweeney
|
0-0: Called Strike 0-1: Called Strike 0-2: Foul Ball, location: 2F 0-2: Ball 1-2: Ground out 1-3 (Groundball, 34S, EV 86.3 MPH)
|
|
Batting: RHB John Jaha
|
0-0: Fly out, F7 (Flyball, 7LS, EV 85.0 MPH)
|
| Top of the 5th over - 0 runs, 0 hits, 0 errors, 0 left on base; Montreal 0 - Oakland 1 |
| BOTTOM OF THE 5TH |
|
Oakland Athletics batting - Pitching for Montreal Expos : RHP Pedro Martinez
|
|
Batting: SHB Devon White
|
0-0: Ball 1-0: Swinging Strike 1-1: Ball 2-1: Called Strike 2-2: Strikes out looking
|
|
Batting: SHB Chuck Carr
|
0-0: Ball 1-0: Called Strike 1-1: Called Strike 1-2: Ball 2-2: Ball 3-2: Strikes out looking
|
|
Batting: RHB Kirt Manwaring
|
0-0: Swinging Strike 0-1: Foul Ball, location: 2F 0-2: Strikes out looking
|
| Bottom of the 5th over - 0 runs, 0 hits, 0 errors, 0 left on base; Montreal 0 - Oakland 1 |
| TOP OF THE 6TH |
|
Montreal Expos batting - Pitching for Oakland Athletics : LHP Bobby M Jones
|
|
Batting: RHB Leo Gomez
|
0-0: Ball 1-0: Called Strike 1-1: DOUBLE (Flyball, 8RXD, EV 88.8 MPH)
|
|
Batting: RHB Jose Hernandez
|
0-0: Bunt missed! 0-1: Bunted foul 0-2: Ball 1-2: Ground out 4-3 (Groundball, 4MS, EV 91.3 MPH) Leo Gomez to third
|
|
Batting: SHB Ricky Otero
|
0-0: Ball 1-0: Foul Ball, location: 2F 1-1: Ball 2-1: Foul Ball, location: 2F 2-2: Fly out, F7 (Flyball, 7LS, EV 87.5 MPH)
|
|
Batting: SHB Gregg Jefferies
|
0-0: Called Strike 0-1: Ball 1-1: Swinging Strike 1-2: Foul Ball, location: 2F 1-2: Ground out 5-3 (Groundball, 56, EV 76.9 MPH)
|
| Top of the 6th over - 0 runs, 1 hit, 0 errors, 1 left on base; Montreal 0 - Oakland 1 |
| BOTTOM OF THE 6TH |
|
Oakland Athletics batting - Pitching for Montreal Expos : RHP Pedro Martinez
|
|
Batting: RHB Benji Gil
|
0-0: Ball 1-0: Ground out 5-3 (Groundball, 56, EV 100.0 MPH)
|
|
Batting: RHB Rickey Henderson
|
0-0: Ball 1-0: Ball 2-0: Ball 3-0: Base on Balls
|
|
Batting: SHB Geronimo Pena
|
0-0: Called Strike 0-1: Called Strike Rickey Henderson steals 2nd base 0-2: Ball 1-2: Fly out, F7 (Flyball, 7S, EV 89.4 MPH)
|
|
Batting: LHB John Olerud
|
0-0: Ball 1-0: Ball 2-0: Called Strike 2-1: Called Strike 2-2: Strikes out swinging
|
| Bottom of the 6th over - 0 runs, 0 hits, 0 errors, 1 left on base; Montreal 0 - Oakland 1 |
| TOP OF THE 7TH |
|
Montreal Expos batting - Pitching for Oakland Athletics : LHP Bobby M Jones
|
|
Batting: RHB Matt Williams
|
0-0: Called Strike 0-1: Ball 1-1: SINGLE (Line Drive, 6MD, EV 96.3 MPH)
|
|
Batting: RHB Raul Mondesi
|
0-0: Ball 1-0: Ball 2-0: Fielders Choice at 2nd, 1-6 (Groundball, 13, EV 86.9 MPH)
|
|
Batting: RHB Jeff Kent
|
0-0: Ball 1-0: Ball 2-0: SINGLE (Groundball, 6MD, EV 95.0 MPH) Raul Mondesi to second Runner from 2nd tries for 3rd, SAFE, throw by CF made to third
|
|
Batting: RHB Mike Sweeney
|
0-0: Ball 1-0: Swinging Strike 1-1: Ball 2-1: Foul Ball, location: 2F 2-2: Foul Ball, location: 2F 2-2: Grounds into double play, 4-6-3 (Groundball, 4, EV 94.4 MPH)
|
| Top of the 7th over - 0 runs, 2 hits, 0 errors, 1 left on base; Montreal 0 - Oakland 1 |
| BOTTOM OF THE 7TH |
|
Oakland Athletics batting - Pitching for Montreal Expos : RHP Pedro Martinez
|
|
Batting: RHB Herbert Perry
|
0-0: Ball 1-0: Called Strike 1-1: Called Strike 1-2: Ball 2-2: Strikes out swinging
|
|
Batting: RHB Jay Buhner
|
0-0: Ball 1-0: Ball 2-0: Swinging Strike 2-1: Foul Ball, location: 2F 2-2: Strikes out looking and he ARGUES THE CALL AND IS TOSSED!
|
|
Batting: SHB Devon White
|
0-0: Ball 1-0: Called Strike 1-1: Ball 2-1: Called Strike 2-2: SINGLE (Flyball, 7S, EV 95.6 MPH)
|
|
Batting: SHB Chuck Carr
|
0-0: Ball Devon White steals 2nd base 1-0: Ball 2-0: Ground out 4-3 (Groundball, 34, EV 103.1 MPH)
|
| Bottom of the 7th over - 0 runs, 1 hit, 0 errors, 1 left on base; Montreal 0 - Oakland 1 |
| TOP OF THE 8TH |
|
Montreal Expos batting - Pitching for Oakland Athletics : LHP Bobby M Jones
|
|
Now in RF: John Cangelosi
|
|
|
Batting: RHB John Jaha
|
0-0: Ball 1-0: Ball 2-0: Fly out, F8 (Flyball, 8RS, EV 97.5 MPH)
|
|
Batting: RHB Leo Gomez
|
0-0: Ball 1-0: Swinging Strike 1-1: Ball 2-1: Ball 3-1: Base on Balls
|
|
Batting: RHB Jose Hernandez
|
0-0: Bunt missed! 0-1: Sac Bunt to 3S - play at first, batter OUT! 3-4 Leo Gomez to second
|
|
Batting: SHB Ricky Otero
|
0-0: Called Strike 0-1: Ball 1-1: Ground out 6-3 (Groundball, 6, EV 108.1 MPH)
|
| Top of the 8th over - 0 runs, 0 hits, 0 errors, 1 left on base; Montreal 0 - Oakland 1 |
| BOTTOM OF THE 8TH |
|
Oakland Athletics batting - Pitching for Montreal Expos : RHP Pedro Martinez
|
|
Pitching: RHP Ed Correa
|
|
|
Batting: RHB Kirt Manwaring
|
0-0: Ball 1-0: Ball 2-0: Ball 3-0: Base on Balls
|
|
Batting: RHB Benji Gil
|
0-0: Bunt missed! 0-1: Bunt missed! 0-2: Ball 1-2: Strikes out looking
|
|
Batting: RHB Rickey Henderson
|
0-0: Foul Ball, location: 2F 0-1: Ball 1-1: Ball 2-1: Swinging Strike 2-2: Strikes out looking
|
|
Batting: SHB Geronimo Pena
|
0-0: Called Strike 0-1: Swinging Strike 0-2: Ball 1-2: Ball 2-2: Ball 3-2: Base on Balls Kirt Manwaring to second
|
|
Batting: LHB John Olerud
|
0-0: Called Strike 0-1: Ball 1-1: Called Strike 1-2: Ball 2-2: Foul Ball, location: 2F 2-2: Strikes out swinging
|
| Bottom of the 8th over - 0 runs, 0 hits, 0 errors, 2 left on base; Montreal 0 - Oakland 1 |
| TOP OF THE 9TH |
|
Montreal Expos batting - Pitching for Oakland Athletics : LHP Bobby M Jones
|
|
Pitching: RHP Jason Bere
|
|
|
Batting: SHB Gregg Jefferies
|
0-0: Called Strike 0-1: Ground out 4-3 (Groundball, 34, EV 106.3 MPH)
|
|
Batting: RHB Matt Williams
|
0-0: Swinging Strike 0-1: Fly out, F7 (Flyball, 7S, EV 97.5 MPH)
|
|
Batting: RHB Raul Mondesi
|
0-0: Ball 1-0: Ball 2-0: Swinging Strike 2-1: Called Strike 2-2: Foul Ball, location: 2F 2-2: Foul Ball, location: 2F 2-2: Foul Ball, location: 2F 2-2: Foul Ball, location: 2F 2-2: Ball 3-2: Foul Ball, location: 2F 3-2: Base on Balls
|
|
Batting: RHB Jeff Kent
|
0-0: Ball 1-0: Ball 2-0: Called Strike 2-1: Foul Ball, location: 2F 2-2: Ball 3-2: Foul Ball, location: 2F 3-2: Fly out, F9 (Flyball, 9D, EV 95.6 MPH)
|
| Top of the 9th over - 0 runs, 0 hits, 0 errors, 1 left on base; Montreal 0 - Oakland 1 |
|